 Dungeon Crawl Stone Soup version 0.32-a0-481-g9ce6b883f8 (webtiles) character file.

Game seed: 4200853970747995940

221 Kenran the Shooter (level 5, -2/27 HPs)
             Began as a Gargoyle Hunter on Feb 26, 2024.
             Was a Follower of Hepliaklqana.
             Incinerated by a bombardier beetle (4 damage)
             ... with a burning spray
             ... on level 4 of the Dungeon.
             The game lasted 00:03:30 (2346 turns).

Kenran the Shooter (Gargoyle Hunter)                Turns: 2346, Time: 00:03:31

Health: -2/27      AC:  7    Str: 20    XL:     5   Next: 98%
Magic:  5/5        EV: 11    Int: 10    God:    Hepliaklqana [*.....]
Gold:   252        SH:  0    Dex: 15    Spells: 4/4 levels left

rFire   . . .        a - +0 shortbow
rCold   . . .        (shield currently unavailable)
rNeg    + . .        c - +0 leather armour
rPois   ∞            (no helmet)
rElec   +            (no cloak)
rCorr   .            (no gloves)
SInv    .            (no boots)
Will    .....        (no amulet)
Stlth   +            i - +6 ring of strength
HPRegen 0.24/turn    (no ring)
MPRegen 0.09/turn

%: no passive effects
@: on fire, glowing
A: reduced essence, sickness immunity, AC +4, negative energy resistance 1,
electricity resistance, torment resistance 1, petrification resistance
a: Renounce Religion, Recall Ancestor, Ancestor Identity


You were on level 4 of the Dungeon.
You worshipped Hepliaklqana.
Hepliaklqana was aware of your devotion.
You visited 1 branch of the dungeon, and saw 4 of its levels.

You collected 252 gold pieces.

Inventory:

Hand Weapons
 a - a +0 shortbow (weapon)
Armour
 c - a +0 leather armour (worn)
Jewellery
 i - a +6 ring of strength (left hand)
Wands
 k - a wand of roots (12)
Scrolls
 b - a scroll of butterflies
 d - a scroll of summoning
 g - a scroll of acquirement
 h - a scroll of fear
 j - a scroll of teleportation
 l - a scroll of fog {unknown}
 m - a scroll of brand weapon {unknown}
 n - 2 scrolls of identify {@r1}
Potions
 e - a potion of attraction {!q}
 f - a potion of invisibility {unknown}


   Skills:
 - Level 2.1 Fighting
 + Level 7.0 Ranged Weapons
 - Level 1.5 Dodging
 - Level 1.1 Stealth


You had 4 spell levels left.
You didn't know any spells.
Your spell library contained the following spells:

 Spells                   Type           Power      Damage    Failure   Level
 Freeze                   Ice            0%         1d3       41%         1
 Frozen Ramparts          Ice            0%         1d1       80%         3
 Hailstorm                Conj/Ice       0%         3d5       80%         3
 Summon Ice Beast         Ice/Summ       0%         N/A       80%         3
 Volatile Blastmotes      Fire/Tloc      0%         2d10      80%         3
 Fulminant Prism          Conj/Alch      0%         3d5       99%         4
 Iskenderun's Mystic Bla  Conj/Tloc      0%         2d3       99%         4
 Summon Mana Viper        Hex/Summ       0%         N/A       100%        5
 Sculpt Simulacrum        Ice/Alch       0%         N/A       100%        6
 Monstrous Menagerie      Summ           0%         N/A       100%        7


Dungeon Overview and Level Annotations

Branches:
Dungeon (4/15)
 Temple: D:4-7

Altars:
Hepliaklqana


Innate Abilities, Weirdness & Mutations

Your life essence is reduced to manifest your ancestor. (-10% HP)
You are immune to sickness and miasma.
Your stone body is resilient. (AC +4)
You are immune to poison.
You resist negative energy. (rN+)
You are resistant to electric shocks. (rElec)
You are resistant to unholy torment.
You are immune to petrification.


Message History

The burning spray hits you.
You are covered in liquid fire!
Qick barely misses the bombardier beetle.
You shoot an arrow.
The arrow barely misses the bombardier beetle.
The liquid fire burns you!
Qick closely misses the bombardier beetle.
You shoot an arrow.
The arrow hits the bombardier beetle but does no damage.
The bombardier beetle is severely wounded.
The liquid fire burns you!
The bombardier beetle sprays incendiary fluid at you.
The burning spray hits you.
You are even more covered in liquid fire!
Qick closely misses the bombardier beetle.
You shoot an arrow. The arrow hits the bombardier beetle.
The bombardier beetle is severely wounded.
The liquid fire burns you!
Qick barely misses the bombardier beetle.
The bombardier beetle sprays incendiary fluid at you.
The burning spray hits you.
You are even more covered in liquid fire!
You are too injured to fight recklessly!
You shake off some of the fire as you move.
The liquid fire burns you!
Qick hits the bombardier beetle.
You shake off some of the fire as you move.
The liquid fire burns you!
* * * LOW HITPOINT WARNING * * *
Qick hits the bombardier beetle but does no damage.
The bombardier beetle bites Qick.
You shake off some of the fire as you move.
The liquid fire burns you!
* * * LOW HITPOINT WARNING * * *
Qick hits the bombardier beetle.
The bombardier beetle barely misses Qick.
You shake off some of the fire as you move.
The liquid fire burns you!
You die...
Hepliaklqana delivers you to your ancestors.

#...$. ###### #.....
.....# #..... .....#
##..... .....#
#..<..h .....# ####
#..).h. .....#
#..####### #......
.....# ###..#.....#
#......
.....#####....#.@...#
#.###..
.......##...#.......#
#) ..
<....#..#..#####...##
.. .. .....##....#
#...# #.. ..
##.#####...# #..#..#
...# #....# #.##.R..
..## #..#... #.
##B....
.........#.#..#.
......
#..........##.#.
......


You could see the friendly Qick the ancestor and a bombardier beetle
(distracted, ally target).

Vanquished Creatures
  A bombardier beetle (D:3)
  A hound (D:4)
  4 adders
  A dart slug (D:3)
  2 ribbon worms
  3 orcs
  8 endoplasms
  3 giant cockroaches
  4 goblins
  5 hobgoblins
  7 jackals
  5 quokkas
  6 ball pythons
  2 bats
  6 kobolds
  6 rats
64 creatures vanquished.

Vanquished Creatures (collateral kills)
  A howler monkey (D:4)
  A quokka (D:4)
2 creatures vanquished.

Grand Total: 66 creatures vanquished

Notes
Turn   | Place    | Note
-------+----------+-------------------------------------------
     0 | D:1      | Kenran the Gargoyle Hunter began the quest for the Orb.
     0 | D:1      | Reached XP level 1. HP: 12/12 MP: 1/1
    44 | D:1      | Reached XP level 2. HP: 17/17 MP: 2/2
   599 | D:1      | Reached XP level 3. HP: 21/21 MP: 3/3
   899 | D:2      | Reached skill level 5 in Ranged Weapons
  1004 | D:2      | Found a hazy altar of Hepliaklqana.
  1013 | D:2      | Became a worshipper of Hepliaklqana the Forgotten
  1138 | D:2      | Reached XP level 4. HP: 26/26 MP: 4/4
  1425 | D:2      | Identified a scroll of acquirement
  1801 | D:3      | Reached skill level 6 in Ranged Weapons
  1801 | D:3      | Reached XP level 5. HP: 30/30 MP: 5/5
  2215 | D:4      | Noticed an ogre
  2266 | D:4      | Reached * piety under Hepliaklqana
  2329 | D:4      | Reached skill level 7 in Ranged Weapons
  2346 | D:4      | Incinerated by a bombardier beetle

Illustrated notes

Levels and vault maps discovered:
D:1:      erik_arrival_cave_to_civilisation [erik_arrival_cave_to_hall],
          layout_loops_ring, fountainhead
D:2:      layout_rooms, basic_altar
D:3:      layout_loops_ring
D:4:      layout_rooms, tso_metal_star, serial_shops, nicolae_shop_stone

Skill      XL: |  1  2  3  4  5 |
---------------+----------------+-----
Ranged Weapons | 5 6 7 |  7.0
Fighting       | |  2.1
Dodging        | |  1.5
Stealth        | |  1.1

Action                     |  1- 3 |  4- 6 || total
---------------------------+-------+-------++-------
   Fire: Shortbow          |   134 |   132 ||   266
    Use: Scroll            |       |     6 ||     6
 Armour: Leather armour    |    54 |    42 ||    96
  Dodge: Dodged            |    66 |    46 ||   112

Table legend: (Time is in decaauts)
 A = Elapsed time spent in this place.
 B = Non-inter-level travel time spent in this place.
 C = Inter-level travel time spent in this place.
 D = Time resting spent in this place.
 E = Time spent auto-exploring this place.
 F = Levels seen in this place.
 G = Mean time per level.
                   A        B        C        D        E       F      G
               +--------+--------+--------+--------+--------+-----+--------+
         Total |   2388 |   2275 |    113 |    141 |   1596 |   4 |  597.0 |
       Dungeon |   2388 |   2275 |    113 |    141 |   1596 |   4 |  597.0 |
               +--------+--------+--------+--------+--------+-----+--------+

Top non-repeatable levels by time:
     D:1: 901 daAuts
     D:3: 791 daAuts
     D:2: 583 daAuts
     D:4: 112 daAuts
